Map: Daybreak LE (Void)

Players

ShoWTimE

  • Race: Protoss Protoss
  • League: Master
  • Spawn Location: 1:00

liquidthermy (uThermal) - Winner!

  • Race: Terran Terran
  • League: Grandmaster
  • Spawn Location: 7:00

Event: NationWars IV

VOD

https://www.youtube.com/watch?v=gzw3Uerh2N8

Description

Time

  • Played on: Jan. 2, 2017, 4:52 p.m.
  • Length: 20:51

All games in this series

Show
View Real Time Build Order
Export as new Build Order

ShoWTimE Protoss 

Build Orders: 1 Gate Expand, Blink Stalkers, Colossus Rush 

Get SALT Encoding   

  12  0:01  Probe (Chrono Boost)  
  13  0:11  Probe (Chrono Boost)  
  14  0:17  Pylon  
  14  0:22  Probe (Chrono Boost)  
  15  0:36  Probe (Chrono Boost), Gateway  
  15  0:42  Assimilator  
  16  0:46  Probe (Chrono Boost)  
  18  0:57  Probe (Chrono Boost)  
  18  1:07  Probe (Chrono Boost)  
  19  1:20  Nexus  
  19  1:24  Probe (Chrono Boost)  
  20  1:36  Cybernetics Core  
  20  1:37  Probe (Chrono Boost)  
  20  1:42  Assimilator  
  20  1:48  Probe (Chrono Boost)  
  20  1:52  Pylon  
  21  1:58  Probe (Chrono Boost)  
  22  2:12  Adept, Mothership Core (Chrono Boost)  
  26  2:19  Warp Gate  
  26  2:31  Probe (Chrono Boost)  
  26  2:33  Probe (Chrono Boost)  
  28  2:40  Robotics Facility  
  28  2:41  Probe (Chrono Boost)  
  28  2:43  Probe (Chrono Boost)  
  30  2:48  Adept  
  32  2:52  Probe (Chrono Boost)  
  32  2:54  Probe (Chrono Boost)  
  34  3:02  Probe (Chrono Boost)  
  34  3:04  Probe (Chrono Boost)  
  36  3:05  Twilight Council  
  36  3:13  Probe (Chrono Boost)  
  36  3:15  Probe (Chrono Boost)  
  38  3:23  Gateway  
  38  3:24  Observer  
  38  3:25  Gateway  
  39  3:29  Blink, Probe (Chrono Boost)  
  39  3:30  Probe (Chrono Boost)  
  41  3:35  Pylon  
  43  3:41  Probe (Chrono Boost)  
  43  3:42  Probe (Chrono Boost)  
  43  3:50  Assimilator  
  43  3:51  Assimilator  
  43  3:54  Probe (Chrono Boost)  
  43  3:55  Observer  
  45  3:56  Probe (Chrono Boost)  
  45  4:02  Pylon  
  46  4:06  Probe (Chrono Boost)  
  46  4:08  Probe (Chrono Boost)  
  49  4:18  Probe (Chrono Boost)  
  49  4:20  Probe (Chrono Boost)  
  49  4:21  Stalker x2  
  49  4:23  Stalker  
  56  4:30  Probe (Chrono Boost), Observer  
  58  4:32  Probe (Chrono Boost)  
  58  4:33  Pylon  
  59  4:42  Probe (Chrono Boost)  
  59  4:45  Probe (Chrono Boost)  
  61  4:48  Robotics Bay  
  62  4:53  Pylon  
  62  4:54  Probe (Chrono Boost)  
  62  4:58  Stalker x2  
  67  5:01  Probe (Chrono Boost)  
  67  5:06  Probe (Chrono Boost)  
  68  5:13  Probe (Chrono Boost)  
  67  5:18  Probe (Chrono Boost)  
  67  5:19  Observer  
  68  5:24  Gateway  
  68  5:25  Probe (Chrono Boost)  
  68  5:27  Gateway  
  70  5:28  Gateway  
  70  5:29  Pylon  
  70  5:32  Pylon  
  70  5:34  Colossus  
  70  5:35  Probe (Chrono Boost)  
  70  5:38  Probe (Chrono Boost)  
  70  5:40  Extended Thermal Lance  
  71  5:56  Pylon  
  71  6:04  Nexus  
  71  6:09  Probe x2 (Chrono Boost)  
  73  6:14  Stalker x2  
  77  6:22  Probe x2 (Chrono Boost), Colossus  
  85  6:34  Probe x2 (Chrono Boost)  
  85  6:35  Forge  
  85  6:38  Forge  
  85  6:43  Sentry  
  85  6:46  Probe x2 (Chrono Boost)  
  89  6:52  Dark Shrine  
  89  6:53  Sentry  
  91  6:58  Probe x2 (Chrono Boost)  
  91  6:59  Protoss Ground Weapons Level 1  
  93  7:02  Pylon  
  93  7:07  Resonating Glaives  
  93  7:08  Pylon  
  93  7:12  Pylon  
  93  7:13  Assimilator, Protoss Ground Armor Level 1  
  93  7:14  Warp Prism  
  94  7:15  Probe (Chrono Boost)  
  94  7:18  Assimilator  
  97  7:23  Probe (Chrono Boost)  
  97  7:24  Probe (Chrono Boost)  
  99  7:30  Probe (Chrono Boost)  
  99  7:31  Pylon  
  99  7:35  Probe x2 (Chrono Boost)  
  100  7:40  Adept x4  
  108  7:45  Pylon  
  108  7:47  Probe x2 (Chrono Boost)  
  108  7:48  Adept  
  108  7:50  Adept  
  114  7:56  Colossus  
  114  8:04  Photon Cannon  
  120  8:10  Dark Templar x2  
  124  8:16  Stalker x3  
  130  8:31  Pylon  
  130  8:32  Pylon  
  130  8:35  Stalker  
  130  8:39  Probe (Chrono Boost)  
  131  8:41  Stalker x3  
  131  8:45  Photon Cannon  
  131  8:48  Nexus  
  137  8:50  Colossus, Pylon  
  137  8:59  Adept  
  145  9:03  Protoss Ground Weapons Level 2  
  145  9:08  Protoss Ground Armor Level 2  
  145  9:09  Stalker x2  
  149  9:10  Stalker  
  150  9:25  Pylon  
  150  9:26  Sentry  
  150  9:27  Adept  
  154  9:36  Adept x4  
  162  9:45  Gateway  
  162  9:57  Stalker x2  
  162  9:58  Stargate  
  162  9:59  Colossus  
  171  10:20  Adept  
  171  10:21  Adept x3  
  179  10:25  Stalker  
  181  10:34  Gateway  
  181  10:36  Void Ray  
  183  10:46  Fleet Beacon  
  183  10:51  Stargate  
  183  10:54  Adept x3  
  183  10:56  Adept  
  191  11:09  Assimilator  
  191  11:11  Colossus  
  191  11:13  Assimilator  
  179  11:28  Pylon  
  179  11:29  Pylon  
  179  11:31  Pylon  
  178  11:33  Pylon  
  178  11:36  Pylon  
  178  11:38  Pylon  
  178  11:39  Pylon  
  175  11:55  Adept  
  175  11:56  Adept x2, Tempest  
  175  11:57  Adept x2  
  181  12:13  Stalker  
  181  12:14  Stalker  
  155  12:45  Stalker  
  155  12:46  Stalker  
  155  12:56  Stalker  
  155  13:05  Stalker  
  148  13:23  Mothership Core (Chrono Boost)  
  141  13:27  Dark Templar x2  
  141  13:28  Dark Templar x2  
  148  13:46  Stalker x3  
  152  13:52  Observer  
  153  13:59  Pylon  
  151  14:06  Dark Templar x2  
  147  14:16  Adept x3  
  147  14:17  Adept x2  
  154  14:48  Dark Templar  
  128  15:09  Dark Templar  
  96  16:08  Nexus  
  96  16:28  Nexus  
  94  17:34  Adept x2  
  77  19:02  Adept  
  77  19:03  Adept  
  82  19:17  Probe (Chrono Boost)  
  82  19:18  Pylon  
  82  19:27  Probe (Chrono Boost)  
  83  19:38  Probe (Chrono Boost)  
Show
View Real Time Build Order
Export as new Build Order

liquidthermy Terran - Winner!

Build Orders: MMM Bio 

Get SALT Encoding   

  12  0:01  SCV  
  13  0:13  SCV  
  14  0:17  Supply Depot  
  14  0:25  SCV  
  15  0:39  SCV  
  15  0:40  Barracks  
  16  0:46  Refinery  
  16  0:51  SCV  
  17  1:03  SCV  
  18  1:15  SCV  
  19  1:31  Orbital Command  
  19  1:33  Marine  
  20  1:45  Command Center  
  20  1:56  SCV  
  20  2:00  Factory  
  21  2:06  Barracks Reactor  
  21  2:08  SCV  
  22  2:16  Supply Depot  
  22  2:19  Refinery  
  22  2:21  SCV  
  23  2:37  SCV  
  23  2:42  Marine x2  
  26  2:45  Starport  
  26  2:47  Widow Mine  
  26  2:49  SCV  
  29  2:57  Orbital Command  
  29  3:01  SCV  
  29  3:02  Marine  
  29  3:04  Marine  
  32  3:14  SCV  
  32  3:18  Widow Mine  
  35  3:21  Medivac  
  35  3:22  Marine x2  
  35  3:23  SCV  
  40  3:31  Supply Depot  
  40  3:33  SCV  
  41  3:35  SCV  
  41  3:39  Marine  
  41  3:40  Marine  
  44  3:45  Supply Depot, SCV  
  44  3:48  SCV  
  46  3:52  Medivac, Widow Mine  
  50  3:57  SCV  
  50  4:00  SCV  
  50  4:01  Engineering Bay  
  52  4:04  Marine x2  
  52  4:06  Liberator  
  52  4:08  Supply Depot  
  54  4:10  SCV  
  54  4:12  SCV  
  56  4:21  Factory Tech Lab  
  56  4:22  SCV  
  61  4:24  SCV  
  61  4:30  Terran Infantry Weapons Level 1  
  61  4:34  SCV  
  61  4:35  Supply Depot  
  61  4:36  SCV  
  63  4:47  SCV  
  63  4:51  SCV, Siege Tank  
  68  4:55  Command Center  
  68  4:57  Supply Depot  
  68  4:59  SCV  
  69  5:00  Marine  
  69  5:01  Marine  
  69  5:04  SCV  
  71  5:11  SCV  
  68  5:16  SCV  
  68  5:17  Starport Tech Lab  
  68  5:18  Barracks  
  68  5:19  Barracks  
  65  5:23  SCV, Siege Tank  
  65  5:25  Marine x2  
  65  5:28  SCV  
  72  5:34  Supply Depot  
  72  5:35  SCV  
  73  5:36  Refinery x2  
  73  5:40  SCV  
  68  5:43  Marine  
  68  5:44  Marine  
  68  5:47  SCV  
  68  5:50  Starport Reactor  
  68  5:52  SCV  
  69  5:59  Barracks, SCV  
  69  6:00  Barracks  
  69  6:03  Factory Reactor, Marine x2  
  72  6:04  SCV  
  72  6:08  Orbital Command, Barracks Tech Lab  
  73  6:12  SCV  
  73  6:17  SCV  
  74  6:20  Combat Shields  
  74  6:21  Marine x3, Stimpack  
  74  6:24  Terran Infantry Armor Level 1  
  74  6:25  SCV  
  78  6:27  Marine  
  78  6:29  Medivac, SCV  
  82  6:35  SCV  
  82  6:37  SCV  
  82  6:38  Refinery x2  
  82  6:39  Marine x2  
  86  6:40  Medivac  
  86  6:41  SCV, Widow Mine  
  86  6:42  Widow Mine  
  86  6:47  SCV  
  94  6:49  Supply Depot, SCV  
  94  6:50  Barracks Tech Lab, Barracks Reactor  
  94  6:51  Marine x2  
  94  6:53  SCV  
  98  6:58  Supply Depot  
  98  6:59  Marine x2  
  98  7:01  SCV  
  101  7:02  Supply Depot  
  101  7:04  SCV  
  101  7:05  SCV  
  103  7:12  Starport, Fusion Core  
  103  7:13  Widow Mine x2  
  108  7:17  Missile Turret  
  108  7:20  Missile Turret  
  109  7:23  Missile Turret  
  107  7:30  Marine x2  
  107  7:31  Marauder x2, Armory  
  107  7:32  Engineering Bay  
  113  7:37  Marauder, Marine  
  113  7:41  Medivac x2  
  121  7:44  Marine, SCV  
  121  7:45  Supply Depot  
  121  7:46  Supply Depot  
  121  7:48  Marine x2, Widow Mine  
  121  7:49  Widow Mine  
  121  7:50  Concussive Shells  
  128  7:52  Starport Tech Lab  
  128  7:55  Supply Depot  
  128  7:58  Marauder, Marine  
  131  8:00  Liberator  
  131  8:03  Liberator  
  131  8:06  Liberator  
  131  8:15  Command Center  
  131  8:16  Advanced Ballistics  
  138  8:30  Missile Turret, Supply Depot  
  138  8:33  Missile Turret, Marine x2  
  138  8:41  Terran Infantry Weapons Level 2  
  138  8:42  Terran Infantry Armor Level 2  
  138  8:43  Marine  
  138  8:44  Liberator  
  138  8:45  Marine  
  140  8:49  Marine  
  140  8:50  Missile Turret  
  140  8:53  Widow Mine x2  
  140  8:55  Liberator  
  148  9:06  Marine  
  148  9:07  Marauder  
  148  9:08  Marauder x2, Marine x2, Liberator  
  153  9:13  Marine  
  155  9:23  Supply Depot  
  155  9:24  Marine  
  155  9:25  Widow Mine x2  
  155  9:28  Marauder, Marine, Liberator  
  166  9:38  Marine, Liberator  
  166  9:39  Marauder  
  166  9:42  Marine x2  
  166  9:43  Marauder  
  176  9:46  Missile Turret  
  176  9:50  Marauder  
  176  9:53  Marine  
  176  9:57  Supply Depot  
  176  9:59  Supply Depot  
  180  10:00  Planetary Fortress  
  180  10:01  Marine, Liberator  
  180  10:06  Widow Mine x2  
  181  10:11  Marine  
  181  10:12  Marauder  
  188  10:18  Marine x2  
  188  10:19  Marauder  
  188  10:21  Marine  
  196  10:37  Marauder, Marine  
  198  10:58  Terran Infantry Weapons Level 3  
  198  10:59  Marine x2  
  198  11:02  Command Center  
  199  11:05  Marine  
  200  11:13  Marine  
  200  11:16  Widow Mine  
  198  11:18  Terran Ship Weapons Level 1  
  198  11:19  Terran Infantry Armor Level 3, Marine  
  198  11:20  Marauder  
  198  11:22  Marine  
  199  11:28  Marine  
  199  11:38  Marine  
  200  11:43  Command Center  
  200  11:46  Liberator  
  200  11:47  Liberator  
  200  11:55  Marine  
  196  12:02  Marauder, Marine  
  196  12:10  Widow Mine  
  196  12:11  Widow Mine  
  200  12:15  Liberator  
  200  12:27  Marine  
  200  12:29  Liberator x2  
  199  12:30  Marine  
  199  12:37  Marauder, Marine  
  177  12:41  Marauder, Marine  
  179  12:52  Marauder, Marine  
  168  12:58  Liberator  
  168  13:04  Widow Mine  
  151  13:11  Marine  
  151  13:12  Marauder, Marine, Liberator  
  133  13:13  Marauder, Marine  
  133  13:14  Marine x2, Widow Mine  
  133  13:16  Orbital Command  
  133  13:29  Marine, Medivac  
  133  13:30  Marine  
  133  13:31  Marine  
  133  13:32  Marauder  
  133  13:33  Marauder, Widow Mine  
  143  13:34  Marauder, Marine  
  142  13:43  Widow Mine  
  142  13:47  Marine, Liberator  
  142  13:48  Marine  
  140  13:49  Marine  
  140  13:53  Marauder, Marine  
  140  13:54  Marauder  
  146  13:55  Marauder  
  146  13:57  Starport  
  146  13:58  Medivac  
  146  13:59  Planetary Fortress  
  146  14:01  Widow Mine  
  146  14:02  Missile Turret  
  150  14:05  Marine x2  
  150  14:07  Marine  
  149  14:11  Marine  
  149  14:15  Marauder  
  149  14:16  Marauder  
  149  14:17  Marauder  
  149  14:22  Marine  
  149  14:23  Marine  
  150  14:25  Marine  
  150  14:28  Widow Mine  
  150  14:29  Marine  
  150  14:30  Medivac  
  140  14:35  Medivac  
  140  14:36  Marauder  
  140  14:37  Marauder  
  133  14:38  Marauder  
  132  14:46  Marine  
  132  14:47  Medivac  
  132  14:48  Marine  
  132  14:50  Marine  
  132  14:51  Marine  
  131  14:55  Widow Mine  
  131  14:57  Widow Mine  
  131  14:58  Marauder  
  131  14:59  Marauder x2  
  139  15:04  Marine  
  139  15:06  Marine  
  111  15:41  Command Center  
  105  16:00  Barracks  
  105  16:01  Barracks  
  105  16:02  Barracks  
  105  16:03  Barracks x2  
  104  16:26  Supply Depot  
  104  16:28  Supply Depot  
  104  16:29  Supply Depot  
  104  16:30  Supply Depot  
  104  16:36  Starport Tech Lab  
  104  16:43  Missile Turret  
  103  16:52  Marine  
  107  17:00  Raven  
  105  17:10  Marine  
  102  17:19  Supply Depot x2  
  93  18:00  Supply Depot  
  93  18:01  Supply Depot  
  93  18:02  Supply Depot x2  
  93  18:03  Supply Depot x2  
  76  18:35  Barracks  
  76  18:36  Barracks  
  76  18:39  Barracks Tech Lab  
  74  18:58  Marauder, Marine  
  77  19:16  Marine  
  78  19:20  Marauder  
  78  19:26  Barracks Tech Lab  
  78  19:27  Barracks Reactor  
  78  19:33  Marine  
  79  19:41  Marauder  
  81  19:46  Marine  
  81  19:49  Supply Depot x2  
  81  19:51  Marine  
  83  19:55  Factory  
  83  20:04  Command Center  
  83  20:05  Marauder, Marine x2  
  89  20:09  Marine  
  88  20:22  Marine  
  88  20:23  Marine  
  88  20:26  Marauder  
  88  20:27  Marine  
Tags
 
Add a new tag
Caveats
  • Supply blocks, unpowered buildings, or Contaminate may cause inaccurate times.
  • Supply counts are checked every 10 seconds.